 Dungeon Crawl Stone Soup version 0.21-a0-404-g291f19a (webtiles) character file.

265164 drevant the Warrior (level 19, -5/161 HPs)
             Began as a Demonspawn Abyssal Knight on Oct 27, 2017.
             Was the Champion of Lugonu.
             Hit by a javelin thrown by a merfolk javelineer (11 damage)
             ... on level 4 of the Shoals.
             The game lasted 01:59:04 (44700 turns).

drevant the Warrior (Demonspawn Abyssal Knight)    Turns: 44700, Time: 01:59:04

Health: -5/161     AC: 27    Str: 25    XL:     19   Next: 67%
Magic:  30/30      EV: 12    Int: 15    God:    Lugonu [******]
Gold:   2149       SH:  7    Dex: 13    Spells: 18/18 levels left

rFire    . . .     SeeInvis .   L - +8 trident of the Octopus King {venom, rElec rPois MR+}
rCold    + + .     Gourm    .   i - +0 buckler
rNeg     + . .     Faith    .   J - +2 plate armour {rC+}
rPois    +         Spirit   .   (helmet unavailable)
rElec    +         Reflect  .   Q - scarf {repulsion}
rCorr    .         Harm     .   z - +2 pair of gloves
MR       ++++.                  k - +5 pair of boots of the Wilderness {MR++}
Stlth    ..........             d - amulet of regeneration
HPRegen  0.76/turn              a - ring "Luogh" {rPois rC+ rN+}
MPRegen  0.22/turn              r - +6 ring of strength

@: very slightly contaminated, invisible, repel missiles, very slow
A: claws 2, hooves 2, horns 3, foul stench 1, spiny 2, augmentation 2, rot
immunity, subdued magic 1
}: 1/15 runes: gossamer
a: Depart the Abyss, Bend Space, Banish, Corrupt, Enter the Abyss, Brand Weapon
With Distortion, Renounce Religion


You were on level 4 of the Shoals.
You worshipped Lugonu.
Lugonu was exalted by your worship.
You were not hungry.

You visited 6 branches of the dungeon, and saw 34 of its levels.
You visited the Abyss 1 time.

You collected 3619 gold pieces.
You spent 1470 gold pieces at shops.

Inventory:

Hand Weapons
 G - the +5 trident "Ingait" {antimagic, rF+ rC+ Int+4}
   (You found it on level 15 of the Dungeon)

   It reduces the magical energy of the wielder, and disrupts the spells and
   magical abilities of those hit.
   Natural abilities and divine invocations are not affected.
   It affects your intelligence (+4).
   It protects you from fire.
   It protects you from cold.
 L - the +8 trident of the Octopus King (weapon) {venom, rElec rPois MR+}
   (You found it on level 3 of the Lair of Beasts)

   It poisons the flesh of those it strikes.
   It insulates you from electricity.
   It protects you from poison.
   It affects your resistance to hostile enchantments.
 O - a +9 vampiric demon trident
Missiles
 f - 11 throwing nets
 h - 79 tomahawks (quivered)
Armour
 i - a +0 buckler (worn)
 k - the +5 pair of boots of the Wilderness (worn) {MR++}
   (You bought it in a shop on level 2 of the Orcish Mines)

   It affects your resistance to hostile enchantments.
 z - a +2 pair of gloves (worn)
 J - a +2 plate armour of cold resistance (worn)
 Q - a scarf of repulsion (worn)
Jewellery
 a - the ring "Luogh" (left hand) {rPois rC+ rN+}
   (You found it on level 15 of the Dungeon)

   [ring of positive energy]

   It protects you from cold.
   It protects you from poison.
   It protects you from negative energy.
 d - an amulet of regeneration (around neck)
 r - a +6 ring of strength (right hand)
 t - the ring of the Skies Above {*Slow rPois MR+++ Int+3 Stlth+}
   (You found it on level 11 of the Dungeon)

   [ring of stealth]

   It affects your intelligence (+3).
   It protects you from poison.
   It affects your resistance to hostile enchantments.
   It may slow you when you take damage.
   It makes you more stealthy.
 v - an uncursed ring of protection from cold
 D - the ring of Kuconafe {rPois rF+++ rC- Dex+2 Stlth-}
   (You took it off a deep elf death mage on level 3 of the Elven Halls)

   [ring of dexterity]

   It affects your dexterity (+2).
   It renders you almost immune to fire.
   It makes you vulnerable to cold.
   It protects you from poison.
   It makes you less stealthy.
 I - an uncursed ring of protection from cold
 R - the ring "Qarphyock" {*Tele Str+4 Dex+6}
   (You took it off a crimson imp on level 15 of the Dungeon)

   [ring of teleportation]

   It may teleport you next to monsters.
   It affects your strength (+4).
   It affects your dexterity (+6).
 Z - the ring "Cuurroet" {Str-5 Int+8 Dex+3 Slay+5 SInv}
   (You found it on level 15 of the Dungeon)

   [ring of dexterity]

   It affects your strength (-5).
   It affects your intelligence (+8).
   It affects your dexterity (+3).
   It affects your accuracy and damage with ranged weapons and melee attacks
   (+5).
   It lets you see invisible.
Wands
 n - a wand of digging (3/24)
 F - a wand of paralysis (14/24)
 P - a wand of digging (4/24)
 U - a wand of iceblast (3/15)
Scrolls
 e - 10 scrolls of enchant armour
 m - 9 scrolls of teleportation
 o - 12 scrolls of recharging
 q - 16 scrolls of remove curse
 s - 11 scrolls of identify
 y - 4 scrolls of fog
 H - a scroll of magic mapping
 M - 3 scrolls of enchant weapon
 V - 3 scrolls of fear
Potions
 b - 2 potions of invisibility
 j - 2 potions of mutation
 l - a potion of ambrosia
 u - 6 potions of brilliance
 w - 2 potions of berserk rage
 x - a potion of haste
 A - 3 potions of cancellation
 B - 9 potions of curing
 C - 6 potions of flight
 K - 2 potions of magic
 N - 4 potions of agility
 S - 2 potions of resistance
 Y - a potion of might
Books
 X - a book of Minor Magic

   Spells                             Type                      Level
   a - Magic Dart                     Conjuration                  1
   b - Blink                          Translocation                2
   c - Call Imp                       Summoning                    2
   d - Slow                           Hexes                        2
   e - Conjure Flame                  Conjuration/Fire             3
   f - Mephitic Cloud                 Conjuration/Poison/Air       3
Comestibles
 c - 13 bread rations
 p - 10 meat rations
 E - 33 fruits
 W - 2 royal jellies


   Skills:
 - Level 17.5 Fighting
   Level 13.6(16.1) Axes
 - Level 14.7(16.6) Polearms
 - Level 11.3 Armour
 + Level 10.0 Dodging
 - Level 11.9 Shields
 + Level 14.7 Invocations


You had 18 spell levels left.
You didn't know any spells.

Dungeon Overview and Level Annotations

Branches:
Dungeon (15/15)            Temple (0/1) D:7            Lair (6/6) D:9
 Shoals (4/4) Lair:3       Spider (4/4) Lair:2        Slime (0/5) Lair:5
    Orc (2/2) D:9             Elf (3/3) Orc:2        Vaults (0/5) D:13
 Depths (0/5) D:15

Altars:
Ashenzari
Cheibriados
Fedhas
Hepliaklqana
Kikubaaqudgha
Makhleb
Okawaru
Ru
Trog
Uskayaw
Vehumet
Wu Jian
Yredelemnul
The Shining One
Beogh

Shops:
D:4 !   D:7 *   D:15 (%!   Orc:1 %   Orc:2 ([:*   Elf:2 *   Elf:3 *

Annotations:
D:7 1 runed door
Lair:3 exclusion: 4 oklob plants
Shoals:3 exclusion: Roxanne, Roxanne
Elf:2 5 runed doors


Innate Abilities, Weirdness & Mutations

You have very sharp fingernails.
You have hoof-like feet.
You have a pair of large horns on your head.
You may emit foul miasma when damaged in melee.
You are mostly covered in sharp spines.
Your magical and physical power is enhanced at high health.
You are immune to rotting.
Your spells are a little easier to cast, but a little less powerful.


Message History

* * * LOW HITPOINT WARNING * * *
You hear a splash.
The merfolk javelineer throws a javelin.
The javelin hits you.
* * * LOW HITPOINT WARNING * * *
You hear a splash.
You see here 2 javelins.
Okay, then.
Okay, then.
As you read the scroll of fog, it crumbles to dust.
The scroll dissolves into smoke.
Okay, then.
Okay, then.
Okay, then.
Okay, then.
The merfolk javelineer throws a javelin.
The javelin is repelled.
The merfolk javelineer throws a javelin.
The javelin hits you!
You die...

. #.≈≈≈≈≈)).)).#≈≈≈:≈≈##≈..
..##≈.≈≈≈≈≈....#≈≈#≈#≈###..
≈...≈≈≈≈≈≈≈...##≈≈≈≈≈≈≈#≈.≈
≈≈.≈≈≈≈≈≈≈≈...###≈≈≈#≈###.≈
≈...≈≈≈≈≈)≈.(...#######..≈≈
..#.≈≈≈≈≈≈≈≈....#≈##≈ #.≈≈≈
≈...≈≈≈≈≈≈≈≈§....≈≈≈≈≈.≈≈≈≈
≈..≈≈≈≈≈≈§§§≈≈≈≈≈≈≈≈≈≈ ≈≈
≈≈≈≈≈≈≈≈≈§@§§≈≈≈≈≈≈≈≈≈
≈≈≈≈≈≈≈≈≈§§§≈≈≈≈≈≈≈≈≈≈
≈≈≈≈≈≈≈≈§§≈§§≈≈≈≈≈≈≈≈≈
≈≈≈≈≈≈≈≈≈m≈≈(≈≈≈≈≈≈≈≈≈
≈≈≈≈≈≈≈≈≈≈≈≈≈≈≈≈≈≈≈≈≈≈
≈≈≈≈≈≈≈)≈≈≈≈≈(≈≈≈≈≈≈≈
≈≈≈≈m≈≈≈≈≈≈≈≈≈≈≈≈≈≈≈
≈≈≈≈≈≈≈≈≈≈≈≈≈≈≈≈≈≈≈
≈≈≈≈≈≈≈≈≈≈≈≈≈≈≈≈≈≈≈


You could see a merfolk javelineer.

Vanquished Creatures
  Nikola (Spider:3)
  Arachne (Spider:3)
  Jorgrun (Shoals:4)
  2 deep elf blademasters (Elf:3)
  2 deep elf master archers (Elf:3)
  A kraken (Shoals:1)
  Kirke (Lair:5)
  Frances (Spider:1)
  Ilsuiw (Shoals:4)
  The ghost of stickyfingers the Bludgeoner, an adept TeEE of Makhleb (Spider:3)
  Donald (Spider:1)
  3 deep elf sorcerers
  2 frost giants (Shoals:4)
  A fire giant (D:15)
  4 emperor scorpions
  3 deep elf elementalists (Elf:3)
  5 ghost moths
  An orc warlord (Orc:2)
  4 entropy weavers
  9 deep elf demonologists
  Azrael (D:12)
  8 deep elf annihilators (Elf:3)
  3 spark wasps
  3 merfolk javelineers (Shoals:4)
  6 merfolk impalers (Shoals:4)
  A fire dragon (Lair:6)
  7 deep elf death magi
  4 deep elf high priests
  2 yaktaur captains (D:15)
  5 hydras
  2 great orbs of eyes (D:15)
  4 vault guards (D:15)
  A rakshasa (D:15)
  9 centaur warriors
  A catoblepas (Lair:6)
  A merfolk avatar (Shoals:2)
  18 dancing weapons
  An alligator (shapeshifter) (Elf:3)
  8 merfolk aquamancers
  6 two-headed ogres
  An alligator snapping turtle (Shoals:2)
  A satyr (Shoals:2)
  5 tengu warriors (D:15)
  A queen ant (Spider:2)
  2 deep troll shamans (D:15)
  A deep troll earth mage (D:11)
  7 deep elf knights
  2 orc high priests (Orc:2)
  Nergalle (Orc:1)
  6 skeletal warriors (D:15)
  The ghost of Sergey the Sneak, a novice NaWz of Cheibriados (D:8)
  4 sea snakes
  A deep troll (D:15)
  2 unseen horrors (D:15)
  A flayed ghost (D:10)
  8 orc knights
  The ghost of CasualChangeling the Twirler, a novice DrWn of Makhleb (D:7)
  5 harpies (Shoals:4)
  A lindwurm (Lair:6)
  7 deep elf archers
  A necromancer (D:15)
  Pikel (D:5)
  A faun (shapeshifter) (D:13)
  5 orc sorcerers
  26 wolf spiders
  3 fauns
  An ugly thing (D:11)
  45 deep elf magi
  25 orb spiders
  13 cyclopes
  16 manticores
  An oklob plant (Lair:6)
  A shining eye (Lair:2)
  11 elephants
  5 moths of wrath (Spider:4)
  Maurice (D:12)
  6 water nymphs
  2 gargoyles
  8 black mambas
  9 merfolk sirens
  2 molten gargoyles (Lair:6)
  3 torpor snails (Spider:4)
  10 spiny frogs
  2 centaur skeletons
  2 rime drakes
  9 demonic crawlers
  2 freezing wraiths
  A kobold demonologist (D:15)
  10 komodo dragons
  3 yaktaurs (D:15)
  A tengu conjurer (D:14)
  2 efreet
  4 trolls
  2 polar bears
  8 hornets
  A meliai (D:15)
  A wolf spider simulacrum (D:15)
  Grinder (D:4)
  46 jumping spiders
  A meliai (shapeshifter) (D:11)
  5 wind drakes
  22 merfolk
  A harpy skeleton (D:14)
  6 blink frogs
  12 hippogriffs
  A meliai zombie (D:14)
  4 slime creatures (D:14)
  9 snapping turtles
  9 dream sheep
  35 tarantellas
  2 centaur simulacra
  64 redbacks
  An air elemental (Elf:3)
  A spriggan (D:9)
  11 water elementals
  84 yaks
  4 wyverns (Lair:6)
  Eustachio (D:5)
  10 basilisks
  5 fire elementals
  3 wraiths
  4 hogs (Lair:5)
  A human (shapeshifter) (Elf:1)
  A hungry ghost (D:15)
  3 wargs
  A naga (shapeshifter) (D:13)
  4 hell hounds
  6 soldier ants
  Duvessa (D:6)
  4 water moccasins
  2 floating eyes (D:15)
  8 porcupines
  A floating eye (shapeshifter) (D:11)
  4 ice beasts
  34 orc warriors
  3 slaves (D:5)
  A sky beast (D:15)
  An eye of draining (D:13)
  2 phantoms
  4 black bears
  11 ogres
  9 wolves
  8 crocodiles
  12 centaurs
  4 big kobolds
  15 bullfrogs
  2 earth elementals
  Dowan (D:6)
  A wyvern skeleton (D:7)
  5 scorpions
  20 killer bees
  The ghost of doMalho the Shooter, a weakling CeHu (D:3)
  2 howler monkeys
  13 wights
  5 electric eels
  5 lava snakes (Lair:6)
  2 bullfrog zombies
  9 crimson imps
  5 centaur zombies
  15 jellies
  4 hounds
  21 orc priests
  A gnoll shaman (D:6)
  Crazy Yiuf (D:3)
  2 bullfrog skeletons
  3 iguanas
  22 orc wizards
  24 worker ants
  A hound zombie (D:7)
  2 hound skeletons
  4 gnolls
  14 adders
  4 shadow imps
  3 oozes
  An adder skeleton (D:6)
  4 adder zombies
  6 worms
  3 dart slugs
  6 leopard geckos
  76 orcs
  15 giant cockroaches
  5 goblins
  4 hobgoblins
  18 jackals
  18 kobolds
  5 quokkas
  2 ball pythons
  5 bats
  7 frilled lizards
  A jackal zombie (D:8)
  A quokka zombie (D:7)
  8 rats
  2 butterflies (D:7)
  2 tentacles (Shoals:1)
1301 creatures vanquished.

Vanquished Creatures (collateral kills)
  3 yaks (Lair:3)
3 creatures vanquished.

Vanquished Creatures (others)
  An orb spider (Spider:3)
  A tarantella (Spider:1)
  A bush (Lair:6)
  24 fungi
  30 plants
  10 tentacles (Shoals:1)
67 creatures vanquished.

Grand Total: 1371 creatures vanquished

Notes
Turn   | Place    | Note
-------+----------+-------------------------------------------
     0 | Abyss:1  | drevant the Demonspawn Abyssal Knight began the quest for the Orb.
     0 | Abyss:1  | Reached XP level 1. HP: 18/18 MP: 2/2
    76 | Abyss:2  | Noticed a smoke demon
    77 | D:1      | Escaped the Abyss
   256 | D:1      | Reached skill level 1 in Dodging
   319 | D:1      | Gained mutation: You have a pair of small horns on your head. [demonic ancestry]
   319 | D:1      | Reached XP level 2. HP: 20/24 MP: 3/3
   366 | D:1      | Reached * piety under Lugonu
   687 | D:1      | Gained mutation: You have sharp fingernails. [demonic ancestry]
   687 | D:1      | Reached XP level 3. HP: 21/29 MP: 4/4
   838 | D:2      | Found a shattered altar of Ashenzari.
  1182 | D:2      | Noticed a scorpion
  1199 | D:2      | Killed a scorpion
  1199 | D:2      | Gained mutation: You have large cloven feet. [demonic ancestry]
  1199 | D:2      | Reached XP level 4. HP: 6/35 MP: 5/5
  1226 | D:2      | HP: 1/35 [poisoned by a scorpion]
  1232 | D:2      | HP: 1/35 [poisoned by a scorpion]
  1594 | D:2      | Found a sacrificial altar of Ru.
  2185 | D:3      | Reached ** piety under Lugonu
  2206 | D:3      | Reached XP level 5. HP: 26/42 MP: 6/6
  2476 | D:3      | Found an ancient bone altar of Kikubaaqudgha.
  2477 | D:3      | Found a blossoming altar of Fedhas.
  2579 | D:3      | Found a runed door.
  2610 | D:3      | Noticed doMalho's ghost (weakling CeHu)
  2624 | D:3      | Killed doMalho's ghost
  2624 | D:3      | Reached skill level 4 in Fighting
  2875 | D:3      | Found an iron altar of Okawaru.
  3057 | D:3      | Noticed Crazy Yiuf
  3062 | D:3      | Killed Crazy Yiuf
  3062 | D:3      | Reached XP level 6. HP: 43/48 MP: 7/7
  3226 | D:4      | Found a hide-covered altar of Uskayaw.
  3275 | D:4      | Found Zolera's Distillery.
  3280 | D:4      | Bought a potion of heal wounds for 70 gold pieces
  3280 | D:4      | Bought a potion of lignification for 42 gold pieces
  3337 | D:4      | Noticed Eustachio
  3338 | D:4      | Noticed Grinder
  3357 | D:5      | Entered Level 5 of the Dungeon
  3378 | D:5      | Killed Eustachio
  3378 | D:5      | Reached skill level 5 in Axes
  3378 | D:5      | Gained mutation: You have a pair of horns on your head. [demonic ancestry]
  3378 | D:5      | Reached XP level 7. HP: 39/55 MP: 8/8
  3639 | D:4      | Found a hazy altar of Hepliaklqana.
  3662 | D:4      | Reached skill level 5 in Fighting
  3681 | D:4      | Found Hitz's Armour Shoppe.
  3859 | D:4      | Paralysed by Grinder for 4 turns
  3889 | D:4      | Killed Grinder
  4201 | D:5      | Gained mutation: You are immune to rotting. [demonic ancestry]
  4201 | D:5      | Reached XP level 8. HP: 62/63 MP: 9/9
  4218 | D:5      | Reached *** piety under Lugonu
  4293 | D:5      | Found a radiant altar of Vehumet.
  4296 | D:5      | Found a glowing golden altar of the Shining One.
  4737 | D:5      | Noticed Pikel
  4856 | D:5      | Killed Pikel
  4856 | D:5      | Reached skill level 6 in Fighting
  4856 | D:5      | Reached skill level 5 in Armour
  5432 | D:6      | Noticed Edmund
  5433 | D:6      | Noticed Edmund
  5433 | D:6      | Edmund changed into Edmund the bullfrog
  5440 | D:6      | Killed Edmund the bullfrog
  5440 | D:6      | Gained mutation: You have a pair of large horns on your head. [demonic ancestry]
  5440 | D:6      | Reached XP level 9. HP: 64/71 MP: 10/10
  5668 | D:6      | Found a burning altar of Makhleb.
  6045 | D:6      | Noticed Duvessa
  6046 | D:6      | Noticed Dowan
  6060 | D:6      | Killed Duvessa
  6077 | D:6      | Killed Dowan
  6077 | D:6      | Reached skill level 7 in Fighting
  6521 | D:7      | Found a staircase to the Ecumenical Temple.
  6560 | D:7      | Noticed CasualChangeling's ghost (novice DrWn)
  6892 | D:7      | Found an ornate altar of the Wu Jian Council.
  7024 | D:7      | Killed CasualChangeling's ghost
  7122 | D:7      | Found Zoenekih's General Store.
  7125 | D:7      | Bought a scroll of teleportation for 36 gold pieces
  7125 | D:7      | Bought a scarf of repulsion for 144 gold pieces
  7233 | D:7      | Found a bloodstained altar of Trog.
  7324 | D:7      | Reached **** piety under Lugonu
  7332 | D:7      | Found a runed door.
  7348 | D:7      | Found a runed door.
  7889 | D:7      | Reached XP level 10. HP: 77/80 MP: 12/12
  8064 | D:8      | Found a snail-covered altar of Cheibriados.
  8064 | D:8      | Noticed a two-headed ogre
  8085 | D:8      | Killed a two-headed ogre
  8085 | D:8      | Reached skill level 8 in Fighting
  8297 | D:8      | Reached skill level 10 in Axes
  8491 | D:8      | Noticed Sergey's ghost (novice NaWz)
  8525 | D:8      | Killed Sergey's ghost
  8525 | D:8      | Reached skill level 5 in Invocations
  9440 | D:9      | Found a staircase to the Lair.
  9469 | D:9      | Reached ***** piety under Lugonu
  9638 | D:9      | Reached skill level 9 in Fighting
 10000 | D:9      | Found a staircase to the Orcish Mines.
 10178 | D:10     | Entered Level 10 of the Dungeon
 10259 | D:10     | Gained mutation: You may emit foul miasma when damaged in melee. [demonic ancestry]
 10259 | D:10     | Reached XP level 11. HP: 89/89 MP: 15/15
 10565 | D:10     | Noticed a flayed ghost
 10672 | D:10     | Noticed a two-headed ogre
 10677 | D:10     | Killed a two-headed ogre
 11317 | D:10     | Killed a flayed ghost
 11848 | D:9      | Reached skill level 10 in Fighting
 12360 | D:11     | Noticed a five-headed hydra
 12454 | Lair:1   | Entered Level 1 of the Lair of Beasts
 13193 | Lair:2   | Reached XP level 12. HP: 53/98 MP: 16/16
 13257 | Lair:2   | Reached ****** piety under Lugonu
 13370 | Lair:2   | Found a hole to the Spider Nest.
 13505 | Lair:2   | Noticed Urug
 13981 | Orc:1    | Entered Level 1 of the Orcish Mines
 14205 | Orc:1    | Noticed Nergalle
 14280 | Lair:1   | You fall through a shaft!
 14560 | Lair:3   | Noticed an eight-headed hydra
 14776 | Lair:3   | Found a staircase to the Shoals.
 14987 | Lair:3   | Reached skill level 11 in Fighting
 15015 | Lair:3   | Found the +8 trident of the Octopus King {venom, rElec rPois MR+}
 15634 | Lair:2   | Noticed Urug
 15634 | Lair:2   | Urug changed into Urug the shining eye
 15638 | Lair:2   | Gained mutation: Your spells are a little easier to cast, but a little less powerful. [Urug]
 15640 | Lair:2   | Killed Urug the shining eye
 16398 | Lair:3   | Killed an eight-headed hydra
 16398 | Lair:3   | Gained mutation: You are partially covered in sharp spines. [demonic ancestry]
 16398 | Lair:3   | Reached XP level 13. HP: 46/107 MP: 17/17
 16848 | Lair:4   | Reached skill level 10 in Armour
 17113 | Lair:4   | Reached skill level 12 in Fighting
 17719 | Lair:5   | Noticed Kirke
 17910 | Lair:5   | Found a staircase to the Slime Pits.
 18527 | Lair:6   | Entered Level 6 of the Lair of Beasts
 18826 | Lair:5   | Killed Kirke
 18826 | Lair:5   | Reached skill level 13 in Fighting
 19077 | D:4      | Bought 2 potions of invisibility for 224 gold pieces
 19077 | D:4      | Bought a potion of agility for 56 gold pieces
 19306 | Lair:6   | Reached skill level 1 in Polearms
 19328 | Lair:6   | Reached skill level 1 in Shields
 20026 | Lair:6   | Gained mutation: You have very sharp fingernails. [demonic ancestry]
 20026 | Lair:6   | Reached XP level 14. HP: 68/118 MP: 18/18
 20373 | Lair:6   | Found a large runed door.
 20376 | Lair:6   | Found a large runed door.
 21082 | Orc:1    | Reached skill level 5 in Polearms
 21242 | Orc:1    | Found Muox's Food Emporium.
 21462 | Orc:1    | Killed Nergalle
 21471 | Orc:2    | Entered Level 2 of the Orcish Mines
 22269 | Orc:2    | Noticed an orc warlord
 22425 | Orc:2    | Found a staircase to the Elven Halls.
 23078 | Orc:2    | Reached skill level 14 in Fighting
 23081 | Orc:2    | Found a roughly hewn altar of Beogh.
 23338 | Orc:2    | Found Duus's Antique Armour Shop.
 23471 | Orc:2    | Killed an orc warlord
 23556 | Orc:2    | Found Zeten's General Store.
 23581 | Orc:2    | Found Huheupla's Book Shop.
 23639 | Orc:2    | Found Xyacsy's Antique Weapon Shop.
 23813 | Orc:2    | Bought the +5 pair of boots of the Wilderness {MR++} for 583 gold pieces
 24174 | D:11     | Reached skill level 5 in Shields
 24371 | D:11     | Paralysed by a floating eye for 3 turns
 24413 | D:11     | Got a wavering copper ring
 24687 | D:12     | Identified the ring of the Skies Above {*Slow rPois MR+++ Int+3 Stlth+} (You found it on level 11 of the Dungeon)
 24809 | D:12     | Noticed Azrael
 24823 | D:12     | Killed Azrael
 25139 | D:12     | Noticed Maurice
 25147 | D:12     | Killed Maurice
 26103 | D:13     | Gained mutation: Your magical and physical power is slightly enhanced at high health. [demonic ancestry]
 26103 | D:13     | Reached XP level 15. HP: 82/127 MP: 19/19
 26110 | D:13     | Found a gate to the Vaults.
 27273 | D:14     | Found a basalt altar of Yredelemnul.
 27425 | D:15     | Entered Level 15 of the Dungeon
 27578 | D:15     | Found Guca Rarr's Food Shop.
 27634 | D:15     | Reached skill level 10 in Polearms
 27816 | D:15     | Got a steaming bone ring
 27818 | D:15     | Identified the ring "Qarphyock" {*Tele Str+4 Dex+6} (You took it off a crimson imp on level 15 of the Dungeon)
 27944 | D:15     | Reached skill level 15 in Fighting
 27970 | D:15     | Found Ukul's Antique Weapon Emporium.
 28054 | D:15     | Noticed a fire giant
 28070 | D:15     | Killed a fire giant
 28465 | D:15     | Got a smoking golden ring
 28468 | D:15     | Identified the ring "Luogh" {rPois rC+ rN+} (You found it on level 15 of the Dungeon)
 28558 | D:15     | Found Podal's Distillery.
 28571 | D:15     | Bought a potion of heal wounds for 75 gold pieces
 28571 | D:15     | Bought 2 potions of mutation for 240 gold pieces
 28912 | D:15     | Gained mutation: You have hoof-like feet. [demonic ancestry]
 28912 | D:15     | Reached XP level 16. HP: 130/136 MP: 20/20
 28981 | D:15     | Found a staircase to the Depths.
 29084 | D:15     | Got an ancient tin ring
 29086 | D:15     | Identified the ring "Cuurroet" {Str-5 Int+8 Dex+3 Slay+5 SInv} (You found it on level 15 of the Dungeon)
 29138 | D:15     | Got a pitted trident
 29387 | Spider:1 | Entered Level 1 of the Spider Nest
 29671 | Spider:1 | Noticed Donald
 29681 | Spider:1 | Killed Donald
 29709 | Spider:1 | Identified the +5 trident "Ingait" {antimagic, rF+ rC+ Int+4} (You found it on level 15 of the Dungeon)
 29782 | Spider:1 | Noticed Frances
 29821 | Spider:1 | Killed Frances
 30064 | Spider:1 | Identified a scroll of acquirement
 31419 | Spider:2 | Reached skill level 16 in Fighting
 31671 | Spider:3 | Noticed Nikola
 31695 | Spider:3 | HP: 3/138 [Nikola/chain lightning (8)]
 31698 | Spider:3 | Killed Nikola
 32123 | Spider:3 | Gained mutation: You are mostly covered in sharp spines. [demonic ancestry]
 32123 | Spider:3 | Reached XP level 17. HP: 144/144 MP: 21/21
 32222 | Spider:3 | Noticed Arachne
 32248 | Spider:3 | Killed Arachne
 32649 | Spider:3 | Reached skill level 10 in Shields
 32876 | Spider:3 | Noticed stickyfingers's ghost (adept TeEE)
 32912 | Spider:3 | Killed stickyfingers's ghost
 33284 | Spider:4 | Entered Level 4 of the Spider Nest
 35380 | Spider:4 | Got a gossamer rune of Zot
 35918 | Shoals:1 | Entered Level 1 of the Shoals
 36117 | Shoals:1 | Noticed a kraken
 36458 | Shoals:1 | Killed a kraken
 36458 | Shoals:1 | Reached skill level 17 in Fighting
 37368 | Shoals:2 | Reached XP level 18. HP: 155/155 MP: 22/22
 37694 | Shoals:3 | Noticed Roxanne
 37983 | Shoals:3 | Noticed Mara
 38002 | Shoals:4 | Entered Level 4 of the Shoals
 38439 | Elf:1    | Entered Level 1 of the Elven Halls
 39824 | Elf:1    | Noticed a Hell Sentinel
 40312 | Elf:2    | Found Gugyxos's Goods Gallery.
 40434 | Elf:2    | Reached skill level 5 in Dodging
 40599 | Elf:2    | Found a huge runed gate.
 40599 | Elf:2    | Found a huge runed gate.
 40599 | Elf:2    | Found a huge runed gate.
 40605 | Elf:2    | Found a huge runed gate.
 40606 | Elf:2    | Found a huge runed gate.
 40690 | Elf:3    | Entered Level 3 of the Elven Halls
 40724 | Elf:3    | Reached skill level 10 in Invocations
 41196 | Elf:3    | Noticed an Ice Fiend
 41203 | Elf:3    | Noticed a Hell Sentinel
 41409 | Elf:3    | Found Othakyb's Assorted Antiques.
 41659 | Elf:3    | Gained mutation: Your magical and physical power is enhanced at high health. [demonic ancestry]
 41659 | Elf:3    | Reached XP level 19. HP: 111/161 MP: 26/28
 42149 | Elf:3    | Got a scintillating steel ring
 42154 | Elf:3    | Identified the ring of Kuconafe {rPois rF+++ rC- Dex+2 Stlth-} (You took it off a deep elf death mage on level 3 of the Elven Halls)
 42343 | Elf:3    | Identified the Compendium of Ashen Transmigration
 44380 | Shoals:4 | Noticed Jorgrun
 44392 | Shoals:4 | Noticed Ilsuiw
 44495 | Shoals:4 | Killed Jorgrun
 44675 | Shoals:4 | Reached skill level 10 in Dodging
 44697 | Shoals:4 | Killed Ilsuiw
 44697 | Shoals:4 | HP: 3/161 [merfolk javelineer/javelin (6)]
 44700 | Shoals:4 | Hit by a javelin thrown by a merfolk javelineer

Vault maps used:
D:1:      evilmike_arrival_fibonacci_small
D:2:      nicolae_overflow_crystal_walls, nicolae_ru_awakened_eye
D:3:      grunt_temple_overflow_growth_and_decay, lemuel_crystal_altar,
          minmay_misc_feat_plants, uniq_crazy_yiuf_cottage
D:4:      kennysheep_little_box, eat_drink_and_be_merry_uskayaw, first_bread,
          serial_shops, nicolae_shop_stone, shop, grunt_ministairs_9,
          uniq_eustachio, uniq_grinder
D:5:      gammafunk_temple_overflow_statue, uniq_pikel
D:6:      marbit_many_paths, uniq_duvessa, uniq_edmund
D:7:      lemuel_insect_pit, trog_ov_bears_minmay, lemuel_crystal_altar,
          temple_fountains, serial_shops, kennysheep_mini_moat
D:8:      lemuel_doored_altar
D:9:      minmay_lair_entry_grove, the_bakery
D:10:     kennysheep_island_fort
D:11:     wad_floor_pattern_1, onia_ninara_dug_in_and_dangerous
D:12:     uniq_maurice, uniq_azrael
D:13:     erik_vaults_1, minivault_1
D:14:     lemuel_statue_altar
D:15:     hangedman_spin_cycle
Lair:2:   nicolae_spider_entry_non_spiders, st_stairs_3, uniq_urug
Lair:3:   minmay_shoals_entry_hut, minmay_lair_oklob_chamber, lemuel_fruit_tree
Lair:5:   minmay_slime_entry_jelly_boxes, infiniplex_staircase_pool, uniq_kirke
Lair:6:   cheibrodos_lair_end_hotspot, minmay_lair_oklob_bushes,
          serial_bayou_shore_a
Shoals:2: nicolae_shoals_seven_spires, nicolae_shoals_water_elemental_grotto
Shoals:3: uniq_roxanne, uniq_mara
Shoals:4: shoals_end_grunt_ice, shoals_ilsuiw_alternative, serial_shops,
          nicolae_shop_behind_doors, hangedman_shoals_cup_caves, uniq_jorgrun
Spider:1: spider_trap, uniq_frances, uniq_donald
Spider:2: nicolae_spider_ant_collections
Spider:3: uniq_arachne, uniq_nikola
Spider:4: johnstein_spider_rune_arachne_lair
Orc:1:    serial_shops, nicolae_shop_window_shopping, uniq_nergalle
Orc:2:    grunt_orc_cross
Elf:1:    elf_arrival_002, kennysheep_underground_church,
          minmay_misc_feat_cross, grunt_megastairs_1
Elf:2:    nicolae_alphabet_shops
Elf:3:    grunt_elf_hall_spiral, serial_shops, shop_coins
Abyss:2:  minivault_27

Skill      XL: |  1  2  3  4  5  6  7  8  9 10 11 12 13 14 15 16 17 18 19 |
---------------+----------------------------------------------------------+-----
Dodging        | 1 7 10 | 10.0
Axes           | 2 3 4 5 6 7 9 11 12 13 | 13.6
Armour         | 2 3 4 5 6 8 9 11 | 11.3
Fighting       | 4 5 6 7 9 10 11 13 14 15 16 17 | 17.5
Invocations    | 6 12 14 | 14.7
Polearms       | 3 8 11 13 14 | 14.7
Shields        | 2 5 8 9 11 | 11.9

Action                   |  1- 3 |  4- 6 |  7- 9 | 10-12 | 13-15 | 16-18 | 19-21 || total
-------------------------+-------+-------+-------+-------+-------+-------+-------++-------
Melee: Hand axe          |   102 |   156 |   423 |   873 |       |       |       ||  1554
       Headbutt          |     9 |    23 |    69 |   242 |   316 |   339 |    58 ||  1056
       Kick              |       |    45 |   109 |   376 |   218 |       |       ||   748
       Unarmed           |       |     2 |     2 |       |       |       |       ||     4
       Trident           |       |       |       |    86 |  1424 |  1650 |   449 ||  3609
Throw: Tomahawk          |       |       |     5 |     2 |       |       |       ||     7
Invok: Depart the Abyss  |     1 |       |       |       |       |       |       ||     1
Evoke: Wand              |       |       |     1 |     2 |       |       |       ||     3
  Use: Scroll            |     1 |     5 |     3 |    21 |    12 |    20 |     4 ||    66
       Potion            |     4 |     2 |     3 |     7 |     7 |     6 |     4 ||    33
 Stab: Confused          |       |     1 |       |       |       |       |       ||     1
       Petrified         |       |       |       |       |     8 |       |       ||     8
       Invisible         |       |       |       |       |     1 |       |       ||     1
       Petrifying        |       |       |       |       |     1 |       |       ||     1
       Distracted        |       |       |       |       |     1 |       |     1 ||     2
  Eat: Chunk             |     1 |     7 |    13 |    23 |    28 |    28 |     8 ||   108
       Royal jelly       |       |       |     1 |     2 |     4 |     1 |     2 ||    10
       Meat ration       |       |       |       |       |     1 |     2 |       ||     3
       Fruit             |       |       |       |       |       |     2 |       ||     2
Armor: Leather armour    |    22 |       |       |       |       |       |       ||    22
       Ring mail         |    23 |     2 |       |       |       |       |       ||    25
       Chain mail        |       |    96 |    34 |       |       |       |       ||   130
       Plate armour      |       |       |   235 |   520 |   525 |   773 |   175 ||  2228
       Skin              |       |       |    77 |    26 |       |       |       ||   103
Dodge: Dodged            |    64 |    71 |   120 |   265 |   244 |   326 |   150 ||  1240
       Deflected         |       |       |     1 |     6 |    42 |    50 |    23 ||   122
Block: Buckler           |       |       |       |       |   161 |   323 |   104 ||   588

Table legend:
 A = Spawn XP
 B = Non-spawn XP
 C = Spawn XP percentage of total XP
 D = Spawn monster count
 E = Non-spawn monster count
 F = Spawn count percentage of total count
 G = Total turns spent on level
                    A         B        C        D         E        F      G
               +---------+---------+-------+---------+---------+-------+---------
         Total |       0 |  442911 |   0.0 |       0 |    1297 |   0.0 | 44700
               +---------+---------+-------+---------+---------+-------+---------
           D:1 |       0 |      44 |   0.0 |       0 |      24 |   0.0 |   727
           D:2 |       0 |     119 |   0.0 |       0 |      22 |   0.0 |  1322
           D:3 |       0 |     218 |   0.0 |       0 |      26 |   0.0 |  1071
           D:4 |       0 |     787 |   0.0 |       0 |      18 |   0.0 |   731
           D:5 |       0 |    1298 |   0.0 |       0 |      18 |   0.0 |  1463
           D:6 |       0 |    1536 |   0.0 |       0 |      27 |   0.0 |  1764
           D:7 |       0 |    1775 |   0.0 |       0 |      38 |   0.0 |  1105
           D:8 |       0 |    3277 |   0.0 |       0 |      36 |   0.0 |  1060
           D:9 |       0 |    3211 |   0.0 |       0 |      30 |   0.0 |  1556
          D:10 |       0 |    6917 |   0.0 |       0 |      52 |   0.0 |  1645
          D:11 |       0 |    7368 |   0.0 |       0 |      28 |   0.0 |   849
          D:12 |       0 |    5271 |   0.0 |       0 |      21 |   0.0 |   798
          D:13 |       0 |    7270 |   0.0 |       0 |      30 |   0.0 |  1103
          D:14 |       0 |   10347 |   0.0 |       0 |      35 |   0.0 |   906
          D:15 |       0 |   42202 |   0.0 |       0 |      76 |   0.0 |  1762
        Lair:1 |       0 |    2533 |   0.0 |       0 |      13 |   0.0 |  1093
        Lair:2 |       0 |    9035 |   0.0 |       0 |      41 |   0.0 |  1341
        Lair:3 |       0 |    9508 |   0.0 |       0 |      39 |   0.0 |  2433
        Lair:4 |       0 |    1997 |   0.0 |       0 |       9 |   0.0 |   641
        Lair:5 |       0 |    7208 |   0.0 |       0 |      34 |   0.0 |  1611
        Lair:6 |       0 |   22840 |   0.0 |       0 |      76 |   0.0 |  1584
      Shoals:1 |       0 |    9641 |   0.0 |       0 |      19 |   0.0 |   681
      Shoals:2 |       0 |   11438 |   0.0 |       0 |      29 |   0.0 |  1261
      Shoals:3 |       0 |    5465 |   0.0 |       0 |      15 |   0.0 |   397
      Shoals:4 |       0 |   40862 |   0.0 |       0 |      60 |   0.0 |  1716
      Spider:1 |       0 |   18792 |   0.0 |       0 |      50 |   0.0 |   773
      Spider:2 |       0 |   20417 |   0.0 |       0 |      56 |   0.0 |  1344
      Spider:3 |       0 |   30521 |   0.0 |       0 |      58 |   0.0 |  2215
      Spider:4 |       0 |   38980 |   0.0 |       0 |      81 |   0.0 |  1991
         Orc:1 |       0 |    6263 |   0.0 |       0 |      43 |   0.0 |  1559
         Orc:2 |       0 |   11378 |   0.0 |       0 |      76 |   0.0 |  1804
         Elf:1 |       0 |   26079 |   0.0 |       0 |      40 |   0.0 |  1550
         Elf:2 |       0 |   14337 |   0.0 |       0 |      20 |   0.0 |   818
         Elf:3 |       0 |   63977 |   0.0 |       0 |      57 |   0.0 |  1949
               +---------+---------+-------+---------+---------+-------+---------
